 Dungeon Crawl Stone Soup version 0.18.1-50-g88ac8fd (webtiles) character file.

7711 Chiseanne the Thaumaturge (level 11, -4/94 HPs)
             Began as a Centaur Air Elementalist on Oct 14, 2016.
             Was an Initiate of Gozag.
             Slain by a hill giant
             ... wielding a +0 giant club
              (39 damage)
             ... on level 11 of the Dungeon.
             The game lasted 00:39:44 (16014 turns).

Chiseanne the Thaumaturge (CeAE)                   Turns: 16014, Time: 00:39:45

Health: -4/94      AC: 10    Str: 11    XL:     11   Next: 0%
Magic:  13/23      EV:  8    Int: 19    God:    Gozag
Gold:   456        SH:  3    Dex: 10    Spells: 3 memorised, 20 levels left

rFire  + . .     SeeInvis .     a - +2 dagger (venom)
rCold  . . .     Gourm    .     t - +0 ring mail
rNeg   . . .     Faith    .     (no shield)
rPois  .         Spirit   .     m - +0 helmet
rElec  .         Dismiss  .     (no cloak)
rCorr  .         Reflect  +     e - +1 pair of gloves
SustAt .         Harm     .     (no barding)
MR     .....     Clarity  +     g - +3 amulet of reflection
Stlth  ..........               Q - ring of protection from fire
                                f - +2 ring of intelligence

@: very slightly contaminated, repel missiles, very quick, not resistant to
hostile enchantments, extremely unstealthy
A: hooves 3, clarity, deformed body, speed 2, mutation resistance 1, tough skin
3
a: Potion Petition, Call Merchant, Bribe Branch, Renounce Religion


You were on level 11 of the Dungeon.
You worshipped Gozag.
Gozag was noncommittal.
You were full.

You visited 2 branches of the dungeon, and saw 12 of its levels.

You collected 1954 gold pieces.
You paid 1498 gold pieces to Gozag.

Inventory:

Hand Weapons
 a - a +2 dagger of venom (weapon)
 s - a +3 hand axe
 T - a +0 hand axe of flaming
Missiles
 d - 127 bolts
 j - 165 arrows
 o - 227 stones (quivered)
 x - a throwing net
 B - 14 tomahawks
 I - 14 sling bullets
 J - 5 javelins
 L - 36 poisoned needles
 O - 6 exploding tomahawks
Armour
 e - a +1 pair of gloves (worn)
 m - a +0 helmet (worn)
 t - a +0 ring mail (worn)
Rods
 R - a +0 rod of clouds (10/10)
   (You found it on level 9 of the Dungeon)
Jewellery
 f - a +2 ring of intelligence (left hand)
 g - a +3 amulet of reflection (around neck)
 n - an uncursed amulet of regeneration
 Q - a ring of protection from fire (right hand)
Wands
 l - a wand of digging (6/24)
 M - a wand of confusion (31/48)
Scrolls
 u - 2 scrolls of blinking
 w - a scroll of recharging
 y - 2 scrolls of fear
 G - a scroll of amnesia
 H - a scroll of teleportation
 S - a scroll of remove curse
Potions
 h - a potion of cancellation
 i - a potion of brilliance
 v - a potion of heal wounds
 z - 2 potions of curing
 A - 3 potions of might
 C - a potion of magic
 D - 2 potions of cure mutation
 E - a potion of degeneration {unknown}
 F - 2 potions of lignification
 K - a potion of resistance {unknown}
 N - a potion of beneficial mutation {unknown}
Books
 b - a book of Air

   Spells                             Type                      Level
   a - Shock                          Conjuration/Air              1
   b - Swiftness                      Charms/Air                   2
   c - Repel Missiles                 Charms/Air                   2
   d - Static Discharge               Conjuration/Air              3
   e - Lightning Bolt                 Conjuration/Air              5
Miscellaneous
 q - a phantom mirror
Comestibles
 c - 8 bread rations
 k - 5 meat rations
 p - 2 beef jerkies


   Skills:
 - Level 8.2 Fighting
 * Level 6.2 Armour
 - Level 1.3 Dodging
 - Level 1.2 Stealth
 * Level 8.3 Spellcasting
 - Level 5.7 Conjurations
 - Level 3.1 Air Magic


You had 20 spell levels left.
You knew the following spells:

 Your Spells              Type           Power        Failure   Level  Hunger
a - Shock                 Conj/Air       ###.         2%          1    None
b - Static Discharge      Conj/Air       ###.....     10%         3    None
c - Repel Missiles        Chrm/Air       ##....       17%         2    None


Dungeon Overview and Level Annotations

Branches:
Dungeon (11/15)            Temple (1/1) D:7            Lair (0/8) D:11
    Orc: D:9-12

Altars:
Ashenzari
Cheibriados
Dithmenos
Elyvilon
Fedhas
Gozag
Kikubaaqudgha
Makhleb
Nemelex Xobeh
Okawaru
Pakellas
Qazlal
Ru
Sif Muna
Trog
Vehumet
Xom
Yredelemnul
Zin
The Shining One

Shops:
D:7 %   D:8 (   D:10 [

Annotations:
D:6 Rationalist's ghost, novice MiGl


Innate Abilities, Weirdness & Mutations

You have hooves in place of feet.
Armour fits poorly on your strangely shaped body.
You cover ground very quickly.
You have extremely tough skin (AC +3).
You possess an exceptional clarity of mind.
You are somewhat resistant to further mutation.


Message History

The hill giant hits you with a giant club!
You hit the hill giant but do no damage.
The hill giant is poisoned.
The hill giant is moderately wounded.
You block the hill giant's attack.
You hit the hill giant.
The hill giant looks even sicker.
You kick the hill giant, but do no damage.
The hill giant is heavily wounded.
The hill giant hits you with a giant club!!
Casting: Static Discharge
Confirm with . or Enter, or press ? or * to list all spells.
The hill giant is struck by lightning.
The hill giant is heavily wounded.
The lightning arcs!
You are struck by lightning.
The lightning arcs!
The hill giant is struck by lightning.
The hill giant is severely wounded.
The lightning grounds out.
The hill giant hits you with a giant club!!!
You die...
Your body crumbles into a pile of gold.

#.,,*,,,,*..#,,****,,,,***
#...*,,,,*..#,,*,,****,*,,
#...######..##,*,,,,,*,*,,
#............#,*,,,,,*,*,,
#.........####,*,,,,,*,***
#.........#,,,,*,,,,,*,,,,
*#.........#,,,,**+****,,,,
#........C.#,,,,,,,,,,,,,,,
#.........@#########,,,,,,,
#..................#*******
#...................,,,,,,,
*).........<........,,,,,,,
**###...............,,,,,,,
#............<..,,,,,,,
#...............,,,,,,,
#######.........,****,,
#.........,* *,,


You could see a hill giant.

Vanquished Creatures
  A centaur warrior (D:10)
  A hill giant (D:10)
  2 two-headed ogres (D:9)
  Sigmund (D:3)
  A yak (D:7)
  A hungry ghost (D:7)
  2 hogs (D:7)
  A human (D:7)
  Menkaure (D:7)
  2 water moccasins
  3 sky beasts
  Duvessa (D:7)
  6 orc warriors
  4 black bears
  2 ice beasts
  3 phantoms
  A wasp (D:10)
  An eye of draining (D:10)
  2 ogres (D:10)
  3 centaurs
  A big kobold (D:10)
  2 giant frogs
  Dowan (D:7)
  A wyvern skeleton (D:7)
  4 scorpions
  13 killer bees
  5 howler monkeys
  3 crimson imps
  2 giant frog zombies
  5 hounds
  2 jellies
  6 orc priests
  A quasit (D:8)
  A giant frog skeleton (D:5)
  7 orc wizards
  2 iguanas
  Natasha (D:4)
  7 worker ants
  A sheep (D:7)
  Robin (D:3)
  4 gnolls
  18 adders
  2 shadow imps
  2 oozes
  An adder skeleton (D:5)
  2 worms (D:2)
  3 dart slugs
  5 giant geckos
  29 orcs
  6 giant cockroaches
  9 hobgoblins
  10 jackals
  11 kobolds
  2 quokkas
  A ball python (D:5)
  7 bats
  2 giant gecko skeletons
  4 giant newts
  14 goblins
  3 quokka skeletons
  6 rats
246 creatures vanquished.

Vanquished Creatures (others)
  4 toadstools (D:1)
4 creatures vanquished.

Grand Total: 250 creatures vanquished

Notes
Turn   | Place    | Note
--------------------------------------------------------------
     0 | D:1      | Chiseanne the Centaur Air Elementalist began the quest for the Orb.
     0 | D:1      | Reached XP level 1. HP: 14/14 MP: 3/3
    77 | D:1      | Reached skill level 1 in Conjurations
   440 | D:1      | Reached XP level 2. HP: 18/22 MP: 1/4
  1198 | D:1      | Reached skill level 1 in Fighting
  1403 | D:1      | Reached XP level 3. HP: 18/28 MP: 2/5
  1517 | D:1      | Learned a level 3 spell: Static Discharge
  2529 | D:2      | Reached XP level 4. HP: 36/36 MP: 4/7
  2991 | D:3      | Noticed Robin
  3017 | D:3      | Gained mutation: You are somewhat resistant to further mutation. [potion of mutation]
  3017 | D:3      | Gained mutation: You possess an exceptional clarity of mind. [potion of mutation]
  3021 | D:3      | Killed Robin
  3565 | D:3      | Noticed Sigmund
  3585 | D:3      | Killed Sigmund
  3585 | D:3      | Reached XP level 5. HP: 20/45 MP: 7/9
  3585 | D:3      | Reached XP level 6. HP: 23/51 MP: 7/10
  4235 | D:4      | Noticed Natasha
  4242 | D:4      | Killed Natasha
  5198 | D:5      | Entered Level 5 of the Dungeon
  5278 | D:5      | Learned a level 2 spell: Repel Missiles
  5421 | D:5      | Reached XP level 7. HP: 40/58 MP: 2/12
  5609 | D:5      | Found a shattered altar of Ashenzari.
  5675 | D:5      | Got a steaming crystal amulet
  5845 | D:5      | Identified the amulet "Byexaora" {Dismiss +Blink rF- MR+++ Str-3} (You took it off a goblin on level 5 of the Dungeon)
  6238 | D:5      | Found a deep blue altar of Sif Muna.
  7065 | D:6      | Reached skill level 5 in Fighting
  7269 | D:6      | Found a basalt altar of Yredelemnul.
  7348 | D:6      | Reached XP level 8. HP: 66/68 MP: 2/14
  7425 | D:6      | Noticed Rationalist's ghost (novice MiGl)
  7721 | D:6      | Found a white marble altar of Elyvilon.
  7804 | D:6      | Reached skill level 5 in Conjurations
  8021 | D:7      | Noticed Duvessa
  8021 | D:7      | Noticed Dowan
  8030 | D:7      | Killed Duvessa
  8035 | D:7      | Killed Dowan
  8061 | D:7      | Reached skill level 5 in Spellcasting
  8407 | D:7      | Found a shimmering altar of Xom.
  8408 | D:7      | Found a shimmering altar of Xom.
  8408 | D:7      | Found a shimmering altar of Xom.
  8409 | D:7      | Found a shimmering altar of Xom.
  8410 | D:7      | Found a shimmering altar of Xom.
  8410 | D:7      | Found a shimmering altar of Xom.
  8474 | D:7      | Reached skill level 1 in Armour
  8765 | D:7      | Found a staircase to the Ecumenical Temple.
  8778 | D:7      | Reached XP level 9. HP: 69/78 MP: 17/17
  8810 | Temple   | Entered the Ecumenical Temple
  8977 | Temple   | Became a worshipper of Gozag Ym Sagoz the Greedy
  9163 | D:7      | Found Jofior's Food Shop.
  9492 | D:7      | Noticed Menkaure
  9497 | D:7      | Killed Menkaure
  9716 | D:7      | Noticed a torpor snail
 10847 | D:8      | Identified a scroll of acquirement
 11355 | D:8      | Found a burning altar of Makhleb.
 11580 | D:9      | Reached XP level 10. HP: 76/88 MP: 19/19
 11977 | D:9      | Found a sacrificial altar of Ru.
 12304 | D:9      | Found a blossoming altar of Fedhas.
 12811 | D:10     | Entered Level 10 of the Dungeon
 12952 | D:10     | Noticed a hill giant
 12959 | D:10     | Killed a hill giant
 13303 | D:10     | Reached skill level 5 in Armour
 13781 | D:9      | Identified a +0 rod of clouds (10/10) (You found it on level 9 of the Dungeon)
 15520 | D:10     | Noticed a centaur warrior
 15545 | D:10     | Killed a centaur warrior
 15796 | D:11     | Reached XP level 11. HP: 28/94 MP: 4/23
 16000 | D:11     | Noticed a hill giant
 16014 | D:11     | Slain by a hill giant

Skill      XL: |  1  2  3  4  5  6  7  8  9 10 |
---------------+-------------------------------+-----
Conjurations   | 1 3 4 5 |  5.7
Air Magic      | 3 |  3.1
Fighting       | 1 3 5 6 8 |  8.2
Spellcasting   | 2 3 4 5 6 8 |  8.3
Armour         | 1 3 6 |  6.2
Dodging        | |  1.3
Stealth        | |  1.2

Action                   |  1- 3 |  4- 6 |  7- 9 | 10-12 || total
-------------------------+-------+-------+-------+-------++-------
Melee: Hand axe          |    47 |       |     1 |       ||    48
       Kick              |    10 |    12 |    25 |    28 ||    75
       Whip              |    37 |    37 |       |       ||    74
       Dagger            |       |    78 |   155 |   155 ||   388
 Cast: Shock             |    45 |    85 |   233 |   153 ||   516
       Static Discharge  |     1 |     3 |    26 |    40 ||    70
       Repel Missiles    |       |     1 |       |     2 ||     3
Invok: Call Merchant     |       |       |     1 |     1 ||     2
Evoke: Wand              |       |       |     1 |     3 ||     4
  Use: Scroll            |     7 |     5 |    10 |     3 ||    25
       Potion            |       |     5 |     1 |     1 ||     7
  Eat: Chunk             |     5 |     8 |     9 |       ||    22
       Fruit             |       |       |     3 |     2 ||     5
       Beef jerky        |       |       |     3 |     1 ||     4
       Pizza             |       |       |     1 |     8 ||     9
       Bread ration      |       |       |     1 |       ||     1
Armor: Robe              |    21 |    50 |    62 |       ||   133
       Ring mail         |       |       |    57 |   115 ||   172
Dodge: Dodged            |    53 |    53 |   117 |    94 ||   317
       Deflected         |       |       |       |     4 ||     4
Block: Other             |     8 |    22 |    26 |    20 ||    76
       Reflection        |     1 |       |       |     1 ||     2
